cohdb
Replays
Latest Replays
All Replays
Popular Replays
Top Player Replays
Match Explorer
How It Works
Community
CoH3 Stats
Reddit
Sign in to upload your games and track your stats! →
Sign in with Steam
Match 44691587
Unlisted
Match 44691587
Overview
Messages
Build Orders
End
Construct Barracks
Selects Special Operations Battlegroup
Riflemen Squad
Riflemen Squad
Grenade Package
Riflemen Squad
Construct Medical Station
Infantry Support Center
Selects Raiding Flares
Selects SSF Commando Squad
SSF Commando Squad
Raiding Flares
Construct Tank Depot
Selects M29 Weasel Recon Vehicle
Selects Mark Vehicle
Selects UNKNOWN (2162291)
M4A1 Sherman Whizbang
SSF Commando Squad
Advanced Logistics
Mark Vehicle
M18 Hellcat Tank Destroyer
Mark Vehicle
M4A1 Sherman Whizbang
Engineer Squad
Raiding Flares
Seong
1987
Concussion I
Rappy The Rapper
lllandscape
vincent
dajige
Atikin
0
0
Comments
sign in to comment!
No comments posted yet!